 Dungeon Crawl Stone Soup version 0.26-a0-667-g92642533e4 (webtiles) character file.

Game seed: 15510115798748930087

1865 somkeydreadnuts the Blocker (level 9, -4/65 HPs)
             Began as a Formicid Fighter on Oct 17, 2020.
             Killed by nerve-wracking pain
             ... invoked by Menkaure
              (12 damage)
             ... on level 6 of the Dungeon.
             The game lasted 00:21:07 (5853 turns).

somkeydreadnuts the Blocker (Formicid Fighter)      Turns: 5853, Time: 00:21:08

Health: -4/65      AC: 10    Str: 23 (24) XL:     9   Next: 35%
Magic:  9/9        EV: 14    Int:  8      God:
Gold:   317        SH: 13    Dex: 10      Spells: 8/8 levels left

rFire    . . .     SeeInvis +   u - +5 hand axe (freeze)
rCold    . . .     Faith    .   c - +1 kite shield
rNeg     . . .     Spirit   .   b - +0 scale mail
rPois    +         Reflect  .   (helmet unavailable)
rElec    .         Harm     .   r - +1 cloak {rPois}
rCorr    .         Rampage  .   (no gloves)
MR       .....                  (no boots)
Stlth    ..........             y - amulet of regeneration
HPRegen  0.60/turn              f - ring of wizardry
MPRegen  0.11/turn              n - +4 ring of evasion

@: no status effects
A: permanent stasis, dig shafts and tunnels, four strong arms, antennae 3
a: Dig, Shaft Self


You were on level 6 of the Dungeon.
You visited 1 branch of the dungeon, and saw 6 of its levels.

You collected 317 gold pieces.

Inventory:

Hand Weapons
 a - a +1 war axe
 p - a +1 antimagic mace
 q - a +2 vorpal mace
 s - a +0 club
 u - a +5 hand axe of freezing (weapon)
Armour
 b - a +0 scale mail (worn)
 c - a +1 kite shield (worn)
 o - a +1 helmet
 r - a +1 cloak of poison resistance (worn)
Jewellery
 f - a ring of wizardry (left hand)
 n - a +4 ring of evasion (right hand)
 y - an amulet of regeneration (around neck)
Wands
 e - a wand of acid (7)
Scrolls
 h - 4 scrolls of identify
 i - a scroll of fog
 j - a scroll of amnesia
 l - a scroll of enchant weapon
 m - a scroll of magic mapping
Potions
 d - a potion of might
 g - 4 potions of curing
 k - 2 potions of flight
 t - a potion of resistance {unknown}
 w - a potion of mutation {unknown}


   Skills:
 - Level 3.9 Fighting
 - Level 4.3 Axes
 * Level 8.5 Armour
 - Level 1.2 Dodging
 + Level 1.8 Stealth
 + Level 9.7 Shields


You had 8 spell levels left.
You didn't know any spells.
Your spell library was empty.

Dungeon Overview and Level Annotations

Branches:
Dungeon (6/15)
 Temple: D:4-7

Altars:
Okawaru

Shops:
D:6 }

Annotations:
D:6 Menkaure


Innate Abilities, Weirdness & Mutations

You cannot be hasted, slowed, berserked, paralysed or teleported.
You can dig through walls and to a lower floor.
Your four strong arms can wield two-handed weapons with a shield.
You have a pair of large antennae on your head. (SInv)


Message History

You slash Menkaure!
Menkaure is severely damaged.
You closely miss the killer bee zombie.
Menkaure calls on the powers of darkness!
Your body is wracked with pain!
* * * LOW HITPOINT WARNING * * *
You block the killer bee zombie's attack.
Menkaure hits you.
* * * LOW HITPOINT WARNING * * *
You slash Menkaure! You freeze Menkaure.
Menkaure is almost destroyed.
You completely miss the killer bee zombie.
You block the killer bee zombie's attack.
The killer bee zombie misses you. Menkaure hits you!
* * * LOW HITPOINT WARNING * * *
It was a potion of curing.
You feel better. The killer bee zombie misses you.
You block the killer bee zombie's attack.
Menkaure points at you and mumbles some strange words.
Pain shoots through your body!
You die...

....# ♣.♣♣ #......####
...♣ .............
...♣♣♣♣♣P.# .......#
..P....♣..# ......# #
♣♣...P.♣♣.# .....##.#
..♣♣P..#..# .......##
.....♣♣##.######M.......
♣.♣♣§♣§♣......##@Z....##
.....P♣♣................
...§♣P..#.###.##......##
♣.P.....P.# #.##......#
.♣..♣..♣P.# #.##......#
.♣P♣♣P.♣..# #.#.......#
[.P.♣.♣##.# #.#.......<#
.8.♣..♣##.# #.#........#
...P♣.♣...# #.#.#####..#


You could see Menkaure (fast) and a killer bee zombie.

Vanquished Creatures
  Sigmund (D:2)
  6 ogres
  A phantom (D:5)
  A bullfrog (D:6)
  A wyvern skeleton (D:6)
  A scorpion (D:6)
  4 wights (D:6)
  A hound (D:4)
  6 orc wizards
  Crazy Yiuf (D:2)
  A bullfrog skeleton (D:4)
  A gnoll shaman (D:4)
  An orc priest (D:6)
  Terence (D:2)
  5 worker ants
  Robin (D:4)
  7 adders
  4 gnolls
  4 river rats (D:6)
  A shadow imp (D:6)
  2 white imps (D:5)
  An ufetubus (D:3)
  An adder skeleton (D:5)
  6 worms
  4 leopard geckos
  22 orcs
  11 giant cockroaches
  13 goblins
  6 hobgoblins
  10 jackals
  2 quokkas (D:5)
  A ball python (D:3)
  14 bats
  5 frilled lizards
  12 kobolds
  10 rats
169 creatures vanquished.

Vanquished Creatures (others)
  25 plants (D:6)
25 creatures vanquished.

Grand Total: 194 creatures vanquished

Notes
Turn   | Place    | Note
-------+----------+-------------------------------------------
     0 | D:1      | somkeydreadnuts the Formicid Fighter began the quest for
                  | the Orb.
     0 | D:1      | Reached XP level 1. HP: 18/18 MP: 1/1
   174 | D:1      | Reached XP level 2. HP: 23/24 MP: 2/2
   460 | D:1      | Reached skill level 4 in Shields
   605 | D:1      | Reached XP level 3. HP: 25/29 MP: 3/3
   948 | D:2      | Noticed Terence
   959 | D:2      | Killed Terence
   959 | D:2      | Reached XP level 4. HP: 22/37 MP: 4/4
  1282 | D:2      | Noticed Sigmund
  1307 | D:2      | Killed Sigmund
  1307 | D:2      | Reached skill level 1 in Dodging
  1307 | D:2      | Reached XP level 5. HP: 17/42 MP: 5/5
  1307 | D:2      | Reached XP level 6. HP: 20/48 MP: 6/6
  1489 | D:2      | Found an iron altar of Okawaru.
  1947 | D:2      | Found a runed translucent door.
  1948 | D:2      | Noticed Crazy Yiuf
  1959 | D:2      | Killed Crazy Yiuf
  2261 | D:3      | Reached skill level 5 in Shields
  2997 | D:4      | Reached XP level 7. HP: 48/53 MP: 7/7
  3045 | D:4      | Reached skill level 5 in Armour
  3045 | D:4      | Reached skill level 6 in Shields
  3447 | D:4      | Reached skill level 7 in Shields
  3501 | D:4      | Reached XP level 8. HP: 27/60 MP: 8/8
  3773 | D:4      | Reached skill level 1 in Stealth
  4540 | D:4      | Noticed Robin
  4550 | D:4      | Killed Robin
  4784 | D:5      | Entered Level 5 of the Dungeon
  4860 | D:5      | Reached skill level 8 in Shields
  5507 | D:6      | Reached XP level 9. HP: 47/65 MP: 9/9
  5518 | D:6      | Reached skill level 9 in Shields
  5546 | D:6      | Found Peudug Noqi's Gadget Emporium.
  5844 | D:6      | Noticed Menkaure
  5852 | D:6      | HP: 2/65 [Menkaure (13)]
  5853 | D:6      | Killed from afar by Menkaure

Illustrated notes

Levels and vault maps discovered:
D:1:      tarquinn_simple_flora_water_d, layout_loops_ring, fountainhead
D:2:      layout_rooms, kennysheep_okawaru_gauntlet,
          minmay_misc_feat_four_crosses, uniq_sigmund, uniq_crazy_yiuf_cottage,
          uniq_terence
D:3:      layout_basic
D:4:      layout_basic, gup_sewer_entry_spiral, uniq_robin
D:5:      layout_basic, grunt_ministairs_2
D:6:      wad_woods_tower, layout_basic, serial_shops, shop, uniq_menkaure

Skill      XL: |  1  2  3  4  5  6  7  8  9 |
---------------+----------------------------+-----
Shields        | 4 5 7 8 9 |  9.7
Axes           | 4 |  4.3
Armour         | 4 5 7 8 |  8.5
Dodging        | 1 |  1.2
Stealth        | 1 |  1.8
Fighting       | |  3.9

Action                   |  1- 3 |  4- 6 |  7- 9 || total
-------------------------+-------+-------+-------++-------
Melee: War axe           |    79 |    50 |       ||   129
       Mace              |       |    90 |   171 ||   261
       Hand axe          |       |       |   230 ||   230
 Abil: Dig               |       |       |     2 ||     2
  Use: Scroll            |     4 |     8 |     2 ||    14
       Potion            |       |       |     4 ||     4
Armor: Scale mail        |    45 |    51 |    80 ||   176
Dodge: Dodged            |    41 |    65 |   158 ||   264
Block: Kite shield       |    81 |    79 |   227 ||   387

Table legend: (Time is in decaauts)
 A = Elapsed time spent in this place.
 B = Non-inter-level travel time spent in this place.
 C = Inter-level travel time spent in this place.
 D = Time resting spent in this place.
 E = Time spent auto-exploring this place.
 F = Levels seen in this place.
 G = Mean time per level.
                   A        B        C        D        E       F      G
               +--------+--------+--------+--------+--------+-----+--------+
         Total |   6047 |   6011 |     36 |      0 |   3906 |   6 | 1007.8 |
       Dungeon |   6047 |   6011 |     36 |      0 |   3906 |   6 | 1007.8 |
               +--------+--------+--------+--------+--------+-----+--------+

Top non-repeatable levels by time:
     D:4: 1901 daAuts
     D:2: 1234 daAuts
     D:1: 978 daAuts
     D:3: 844 daAuts
     D:5: 653 daAuts
     D:6: 435 daAuts
